 Dungeon Crawl Stone Soup version 0.32-a0-705-g60f233581c (webtiles) character file.

Game seed: 11811355610849277658

14696 Griffin23 the Carver (level 11, -35/90 HPs)
             Began as a Minotaur Fighter on Mar 14, 2024.
             Was a High Priest of Hepliaklqana.
             Annihilated by a very large slime creature (41 damage)
             ... in an ice cave.
             The game lasted 00:42:54 (13727 turns).

Griffin23 the Carver (Minotaur Fighter)            Turns: 13727, Time: 00:42:54

Health: -35/90     AC: 20    Str: 22    XL:     11   Next: 92%
Magic:  10/10      EV:  7    Int: 11    God:    Hepliaklqana [*****.]
Gold:   483        SH:  6    Dex: 13    Spells: 10/10 levels left

rFire   . . .        a - +0 long sword
rCold   + . .        c - +0 buckler
rNeg    . . .        M - +0 plate armour
rPois   .            O - +2 hat
rElec   .            f - +1 cloak
rCorr   .            (no gloves)
SInv    .            (no boots)
Will    .....        (no amulet) Stlth
                     I - ring of protection from cold
HPRegen 0.35/turn    t - +6 ring of intelligence
MPRegen 0.12/turn

%: no passive effects
@: no status effects
A: reduced essence, horns 2, retaliatory headbutt
a: Renounce Religion, Recall Ancestor, Ancestor Identity, Transference, Idealise


You were in an ice cave.
You worshipped Hepliaklqana.
Hepliaklqana was extremely pleased with you.
You visited 1 branch of the dungeon, and saw 11 of its levels.
You also visited: Sewer and Ice Cave.

You collected 523 gold pieces.
You spent 40 gold pieces at shops.

Inventory:

Hand Weapons
 a - a +0 long sword (weapon)
 D - a +4 great sword
Armour
 b - a +0 scale mail
 c - a +0 buckler (worn)
 f - a +1 cloak (worn)
 y - a +0 chain mail
 E - a +0 robe
 H - a +0 hat
 K - +0 steam dragon scales
 M - a +0 plate armour (worn)
 O - a +2 hat (worn)
Jewellery
 e - a ring of fire
 t - a +6 ring of intelligence (right hand)
 v - a ring of flight
 C - a ring of see invisible
 I - a ring of protection from cold (left hand)
Wands
 h - a wand of warping (1)
 j - a wand of paralysis (21)
 o - a wand of digging (1)
 F - a wand of flame (12)
 G - a wand of mindburst (3)
 J - a wand of acid (5)
Scrolls
 m - 2 scrolls of butterflies
 q - a scroll of enchant armour
 r - 2 scrolls of immolation
 u - 2 scrolls of poison
 B - a scroll of brand weapon
 N - 3 scrolls of identify
Potions
 d - 2 potions of might
 g - 2 potions of invisibility {unknown}
 i - 2 potions of magic
 k - 4 potions of resistance
 l - 2 potions of lignification
 n - 2 potions of degeneration
 p - a potion of mutation {unknown}
 s - 4 potions of attraction
 w - 3 potions of curing
 x - a potion of berserk rage {unknown}
 z - 2 potions of enlightenment {unknown}


   Skills:
 * Level 10.7 Fighting
 * Level 14.4 Long Blades
 + Level 0.2 Throwing
 * Level 13.3 Armour
 - Level 2.1 Dodging
 + Level 1.0 Stealth
 + Level 8.0 Shields
 + Level 1.7 Evocations


You had 10 spell levels left.
You didn't know any spells.
Your spell library contained the following spells:

 Spells                   Type           Power      Damage    Failure   Level
 Apportation              Tloc           0%         N/A       99%         1
 Necrotise                Necr           0%         1d4       99%         1
 Sting                    Conj/Alch      0%         1d3       99%         1
 Summon Small Mammal      Summ           0%         N/A       99%         1
 Sigil of Binding         Hex            0%         N/A       100%        3
 Death Channel            Necr           0%         N/A       100%        6
 Sculpt Simulacrum        Ice/Alch       0%         N/A       100%        6


Dungeon Overview and Level Annotations

Branches:
Dungeon (11/15)            Temple (0/1) D:6            Lair (0/5) D:10
    Orc (0/2) D:9           Sewer (visited)           IceCv (1/1)

Altars:
Cheibriados
Fedhas
Hepliaklqana
Nemelex Xobeh
Okawaru
Ru
Trog
Uskayaw
Xom
Yredelemnul
Zin

Shops:
D:5 **   D:9 (

Annotations:
D:4 2 transporters


Innate Abilities, Weirdness & Mutations

Your life essence is reduced to manifest your ancestor. (-10% HP)
You have a pair of horns on your head.
You reflexively headbutt those who attack you in melee.


Message History

The rupture engulfs the slime creature simulacrum!!
The slime creature simulacrum blinks!
The slime creature simulacrum vaporises!
The rupture engulfs the shapeshifter simulacrum!!
The shapeshifter simulacrum is almost destroyed.
The slime creature quivers.
Two slime creatures merge to form a large slime creature.
The shapeshifter simulacrum barely misses you.
You hit the shapeshifter simulacrum.
You headbutt the shapeshifter simulacrum.
The shapeshifter simulacrum vaporises!
Aiming: Warp Space
Press: ? - help, Shift-Dir - straight line, f - very large slime creature
Aim: a very large slime creature (lightly wounded) Space twists violently!
The rupture engulfs the very large slime creature!
The very large slime creature is moderately wounded.
The rupture engulfs the slime creature simulacrum!
The slime creature simulacrum is moderately damaged.
The rupture engulfs the large slime creature!!
The large slime creature blinks!
The large slime creature is moderately wounded.
Okay, then.
Aiming: Warp Space
Press: ? - help, Shift-Dir - straight line, f/p - very large slime creature
Aim: a very large slime creature (moderately wounded) Space twists violently!
The rupture engulfs the very large slime creature!
The very large slime creature is moderately wounded.
The rupture engulfs the large slime creature!
The large slime creature is moderately wounded.
The rupture engulfs the slime creature simulacrum!
The slime creature simulacrum blinks!
The slime creature simulacrum is severely damaged.
The rupture engulfs you!
* * * LOW HITPOINT WARNING * * *
A large slime creature splits.
The very large slime creature hits you!!!
You die...
Hepliaklqana delivers you to your ancestors.

##### #### ##...##
##...## ##.....#
##.....# #......##
#......##
#.......#
#..Z....#
##..#....# ##°J.#
##...##...###..§##
#...####..##..JJ#
##..##.##..##..J@#
#..##.[##..##..°##
#..#...#...##...#
#.##..##...##..##
..##..#....##..
..#..##..####..
.##..#...# #.
.#..##..## #.
.#..##..#


You could see a very large slime creature, a large slime creature, 2 slime
creatures and a slime creature simulacrum.

Vanquished Creatures
  Erolcha (D:9)
  2 two-headed ogres
  A boulder beetle (D:8)
  An ice statue (IceCv)
  A gargoyle (D:10)
  2 rime drakes (D:11)
  2 slime creatures (IceCv)
  3 wyverns
  A vampire (D:10)
  12 yaks
  4 steam dragons
  A vampire mosquito (D:8)
  A great orb of eyes simulacrum (IceCv)
  2 orc warriors
  A sky beast (D:8)
  2 black bears
  An ogre (D:5)
  A centaur (D:10)
  A phantom (D:7)
  A kobold brigand (D:8)
  2 slime creature simulacra (IceCv)
  3 bullfrogs
  A scorpion (D:5)
  2 wights (D:6)
  12 killer bees
  6 howler monkeys
  2 hounds (D:4)
  A gnoll bouda (D:5)
  6 orc priests
  Terence (D:2)
  8 orc wizards
  A shapeshifter simulacrum (IceCv)
  Robin (D:2)
  A gnoll (D:5)
  6 adders
  An ufetubus (D:6)
  3 dart slugs
  2 ribbon worms (D:2)
  38 orcs
  5 bats
  7 endoplasms
  9 giant cockroaches
  14 goblins
  9 hobgoblins
  3 jackals
  7 quokkas
  9 ball pythons
  5 frilled lizards
  9 kobolds
  4 rats
219 creatures vanquished.

Vanquished Creatures (collateral kills)
  2 two-headed ogres
  An ice statue (IceCv)
  A hornet (D:10)
  2 slime creatures
  A spriggan (D:9)
  3 yaks (D:9)
  A steam dragon (D:8)
  An acid dragon (D:11)
  A water moccasin (D:9)
  An ogre (D:4)
  2 orc warriors
  A black bear (D:6)
  2 sky beasts (D:7)
  2 slime creature simulacra (IceCv)
  A kobold brigand (D:7)
  2 bullfrogs
  2 glowing shapeshifter simulacra (IceCv)
  2 scorpions (D:4)
  A wight (D:6)
  7 killer bees
  3 howler monkeys
  Crazy Yiuf (D:4)
  2 jellies
  4 orc priests
  An iguana (D:6)
  A sleepcap (D:6)
  9 orc wizards
  A shapeshifter simulacrum (IceCv)
  2 gnolls (D:5)
  4 adders
  A white imp (D:7)
  3 ufetubi
  A ribbon worm (D:2)
  6 dart slugs
  16 orcs
  2 bats
  An endoplasm (D:3)
  3 giant cockroaches
  4 goblins
  2 jackals (D:3)
  2 ball pythons
  3 frilled lizards (Sewer)
  8 kobolds
  4 rats
120 creatures vanquished.

Vanquished Creatures (others)
  An angel (D:5)
  7 battlemagi
  2 ancestors (D:2)
10 creatures vanquished.

Grand Total: 349 creatures vanquished

Notes
Turn   | Place    | Note
-------+----------+-------------------------------------------
     0 | D:1      | Griffin23 the Minotaur Fighter began the quest for the Orb.
     0 | D:1      | Reached XP level 1. HP: 19/19 MP: 0/0
    20 | D:1      | Reached XP level 2. HP: 17/27 MP: 1/1
   310 | D:1      | Found a faded altar of an unknown god.
   348 | D:1      | Reached XP level 3. HP: 32/33 MP: 2/2
   609 | D:1      | Prayed at the altar of an unknown god.
   609 | D:1      | Became a worshipper of Hepliaklqana the Forgotten
   609 | D:1      | Reached * piety under Hepliaklqana
   728 | D:2      | Reached skill level 3 in Long Blades
   870 | D:2      | Noticed Terence
   893 | D:2      | Killed Terence
   894 | D:2      | Reached XP level 4. HP: 12/36 MP: 3/3
  1071 | D:2      | Noticed Robin
  1356 | D:2      | Killed Robin
  1603 | D:3      | Reached skill level 4 in Long Blades
  1727 | D:3      | Reached XP level 5. HP: 38/42 MP: 4/4
  1730 | D:3      | Reached skill level 5 in Armour
  1734 | D:3      | Reached skill level 1 in Dodging
  1774 | D:3      | Found a glowing drain.
  1783 | Sewer    | Entered a sewer
  1889 | Sewer    | Reached ** piety under Hepliaklqana
  1991 | Sewer    | Reached skill level 5 in Long Blades
  1991 | Sewer    | Reached XP level 6. HP: 44/47 MP: 5/5
  2302 | D:3      | Remembered your ancestor Lyvoa as a battlemage
  2312 | D:3      | Identified the blade talisman of Twilight {rPois rF+ rC+}
  2766 | D:4      | Found a transporter.
  2790 | D:4      | Reached XP level 7. HP: 47/54 MP: 6/6
  2944 | D:4      | Found a transporter.
  2949 | D:4      | Found a bloodstained altar of Trog.
  2964 | D:4      | Reached skill level 5 in Shields
  2966 | D:4      | Found a snail-covered altar of Cheibriados.
  3026 | D:4      | Reached skill level 6 in Long Blades
  3032 | D:4      | Reached skill level 5 in Fighting
  3120 | D:4      | Paralysed by an orc for 2 turns
  3139 | D:4      | Found a hide-covered altar of Uskayaw.
  3173 | D:4      | Reached skill level 1 in Evocations
  3282 | D:4      | Found a sacrificial altar of Ru.
  3374 | D:4      | Reached skill level 7 in Long Blades
  3514 | D:4      | Noticed a steam dragon
  3582 | D:4      | Found a runed translucent door.
  3583 | D:4      | Noticed Crazy Yiuf
  3631 | D:4      | Reached XP level 8. HP: 61/62 MP: 7/7
  3666 | D:4      | Found a sparkling altar of Nemelex Xobeh.
  3692 | D:4      | Killed Crazy Yiuf
  3844 | D:5      | Entered Level 5 of the Dungeon
  4047 | D:5      | Reached skill level 8 in Long Blades
  4079 | D:5      | Noticed an angel
  4080 | D:5      | Found a shimmering altar of Xom.
  4082 | D:5      | Found a glowing silver altar of Zin.
  4314 | D:5      | Found Jedoabb's General Store.
  4314 | D:5      | Found Fuul's Specific Store.
  4320 | D:5      | Bought a scroll of identify for 20 gold pieces
  4320 | D:5      | Bought a scroll of identify for 20 gold pieces
  4403 | D:5      | Reached *** piety under Hepliaklqana
  4508 | D:5      | Killed an angel
  4872 | D:6      | Found a staircase to the Ecumenical Temple.
  5054 | D:6      | Reached skill level 9 in Long Blades
  5267 | D:6      | Found an iron altar of Okawaru.
  5419 | D:6      | Reached **** piety under Hepliaklqana
  5877 | D:7      | Upgraded the game from 0.32-a0-699-g1ee5eff69a to
                  | 0.32-a0-705-g60f233581c
  5920 | D:7      | Reached XP level 9. HP: 67/67 MP: 8/8
  6949 | D:7      | Reached skill level 10 in Long Blades
  7612 | D:8      | Noticed a two-headed ogre
  7624 | D:8      | Killed a two-headed ogre
  7633 | D:8      | Reached skill level 11 in Long Blades
  7896 | D:8      | Reached skill level 10 in Armour
  7951 | D:8      | Reached XP level 10. HP: 66/77 MP: 9/9
  7965 | D:8      | Noticed a boulder beetle
  7987 | D:8      | Killed a boulder beetle
  8504 | D:8      | Reached skill level 12 in Long Blades
  8719 | D:8      | Found a basalt altar of Yredelemnul.
  8830 | D:8      | Reached ***** piety under Hepliaklqana
  9411 | D:9      | Found a staircase to the Orcish Mines.
  9540 | D:9      | Reached skill level 13 in Long Blades
  9558 | D:9      | Noticed Erolcha
 10249 | D:9      | Found Seups's Weapon Boutique.
 10254 | D:9      | Killed Erolcha
 10255 | D:9      | Reached XP level 11. HP: 31/87 MP: 8/10
 11051 | D:9      | Noticed a two-headed ogre
 11444 | D:9      | Killed a two-headed ogre
 11607 | D:10     | Entered Level 10 of the Dungeon
 11852 | D:10     | Found a blossoming altar of Fedhas.
 11870 | D:10     | Reached skill level 10 in Fighting
 12054 | D:10     | Found a staircase to the Lair.
 12073 | D:10     | Paralysed by a hornet for 3 turns
 12810 | D:11     | Noticed a two-headed ogre
 12819 | D:11     | Killed a two-headed ogre
 13004 | D:11     | Noticed a two-headed ogre
 13015 | D:11     | Killed a two-headed ogre
 13016 | D:11     | Reached skill level 1 in Stealth
 13369 | D:11     | Found a frozen archway.
 13381 | IceCv    | Entered an ice cave
 13393 | IceCv    | Reached skill level 14 in Long Blades
 13727 | IceCv    | Annihilated by a very large slime creature

Illustrated notes

Levels and vault maps discovered:
D:1:      dpeg_arrival_orchard, layout_rooms,
          shapermc_ecumenical_altar_flowoftime
D:2:      layout_rooms, chequers_hall_statues_y, uniq_robin, uniq_terence
D:3:      layout_basic, gup_sewer_entry_bubbles, roderic_roman_lattice,
          minmay_misc_feat_plants
D:4:      layout_cave_pools, mainiacjoe_overflow_surrounded_room,
          nicolae_ru_sacrificial_ziggurat, nemelex_diamond_rough_becter,
          gammafunk_temple_overflow_arena, guppyfry_early_orc_mine,
          uniq_crazy_yiuf_cottage
D:5:      layout_loops_corners, grunt_temple_overflow_order_and_chaos_1,
          nicolae_specific_store, dk_vineyard_1
D:6:      layout_basic, okawaru_altar_gauntlet_db,
          minmay_temple_entry_mini_moons
D:7:      layout_gridville
D:8:      minmay_ornate_pinched, layout_loops_ring, mainiacjoe_overflow_paths
D:9:      layout_loops_ring, orc_0_dummy, serial_shops,
          nicolae_shop_bloodbath_and_beyond, the_hattery, uniq_erolcha
D:10:     layout_irregular_city, fedhas_ov_isle_minmay, dpeg_oklobed_lair,
          abandoned_shop
D:11:     minmay_the_grid_triangle_9x9_recursive_2
          [minmay_the_grid_triangle_9x9_prize_top_heavy,
          minmay_the_grid_triangle_9x9_corrupted_corridor,
          minmay_the_grid_triangle_9x9_sprig,
          minmay_the_grid_triangle_9x9_pentomino_pain], layout_basic,
          portal_ice_cave_rime, moated_statue
IceCv:    ice_cave_hellmonk_azure_passage

Skill      XL: |  1  2  3  4  5  6  7  8  9 10 11 |
---------------+----------------------------------+-----
Armour         | 4 5 6 8 10 12 13 | 13.3
Fighting       | 4 5 6 7 9 10 | 10.7
Shields        | 4 5 6 8 |  8.0
Long Blades    | 3 4 5 7 9 11 13 14 | 14.4
Dodging        | 1 2 |  2.1
Evocations     | 1 |  1.7
Stealth        | 1 |  1.0
Throwing       | |  0.2

Action                     |  1- 3 |  4- 6 |  7- 9 | 10-12 || total
---------------------------+-------+-------+-------+-------++-------
  Melee: Long sword        |   115 |   130 |   233 |   344 ||   822
         Headbutt          |    22 |    22 |    50 |    87 ||   181
  Throw: Throwing net      |       |       |       |     2 ||     2
 Invoke: Ancestor Life: Ba |       |     1 |       |       ||     1
         Recall Ancestor   |       |       |       |     1 ||     1
         Ancestor Identity |       |       |       |     1 ||     1
  Evoke: Wand              |       |       |     1 |    10 ||    11
    Use: Scroll            |       |     1 |    10 |    11 ||    22
         Potion            |       |       |     2 |     4 ||     6
   Stab: Distracted        |       |     1 |     2 |     5 ||     8
 Armour: Scale mail        |    76 |   109 |    85 |       ||   270
         Chain mail        |       |       |   116 |   213 ||   329
         Plate armour      |       |       |       |    35 ||    35
         Skin              |       |       |       |     2 ||     2
  Dodge: Dodged            |    62 |    61 |    86 |    97 ||   306
  Block: Buckler           |    20 |    24 |    55 |    87 ||   186

Table legend: (Time is in decaauts)
 A = Elapsed time spent in this place.
 B = Non-inter-level travel time spent in this place.
 C = Inter-level travel time spent in this place.
 D = Time resting spent in this place.
 E = Time spent auto-exploring this place.
 F = Levels seen in this place.
 G = Mean time per level.
                   A        B        C        D        E       F      G
               +--------+--------+--------+--------+--------+-----+--------+
         Total |  13888 |  13232 |    656 |   3937 |   6937 |  13 | 1068.3 |
       Dungeon |  13028 |  12372 |    656 |   3851 |   6636 |  11 | 1184.4 |
         Sewer |    531 |    531 |      0 |      0 |    230 |   1 |  531.0 |
      Ice Cave |    329 |    329 |      0 |     86 |     71 |   1 |  329.0 |
               +--------+--------+--------+--------+--------+-----+--------+

Top non-repeatable levels by time:
     D:8: 2732 daAuts
     D:6: 1674 daAuts
     D:9: 1247 daAuts
     D:7: 1148 daAuts
    D:10: 1137 daAuts
     D:4: 1082 daAuts
     D:5: 996 daAuts
     D:3: 874 daAuts
     D:2: 831 daAuts
     D:1: 727 daAuts
    D:11: 574 daAuts
   Sewer: 531 daAuts
   IceCv: 329 daAuts
